 Dungeon Crawl Stone Soup version 0.13-a0-2496-g11650dd (webtiles) character file.

94 Rycklaryybbe the Cutter (level 3, -5/30 HPs)
             Began as a Demonspawn Berserker on July 22, 2013.
             Was a Follower of Trog.
             Killed from afar by Sigmund (8 damage)
             ... with a magic dart
             ... on Level 2 of the Dungeon.
             The game lasted 00:05:23 (1792 turns).

Rycklaryybbe the Cutter (Demonspawn Berserker)      Turns: 1792, Time: 00:05:23

HP  -5/30        AC  2     Str 18      XL: 3   Next: 50%
MP   2/2         EV 12     Int  8      God: Trog [*.....]
Gold 46          SH  0     Dex 12      Spells:  0 memorised,  2 levels left

Res.Fire  : x . .   See Invis. : .   a - +0 short sword
Res.Cold  : + . .   Warding    : .   g - +0 animal skin
Life Prot.: . . .   Conserve   : .   (no shield)
Res.Poison: .       Res.Corr.  : .   v - +0 elf wizard hat
Res.Elec. : .       Clarity    : .   (no cloak)
Sust.Abil.: . .     Spirit.Shd : .   (no gloves)
Res.Mut.  : .       Stasis     : .   (no boots)
Res.Rott. : .       Flight     : .   p - amulet of inaccuracy {unknown}
Saprovore : . . .                    (no ring)
                                     m - ring of ice

@: not resistant to hostile enchantments, unstealthy
A: claws 1, horns 1
a: Burn Spellbooks, Berserk, Renounce Religion


You were on level 2 of the Dungeon.
You worshipped Trog.
Trog was most pleased with you.
You were not hungry.

You visited 1 branch of the dungeon, and saw 2 of its levels.

You collected 26 gold pieces.

Inventory:

Hand weapons
 a - a +0,+0 short sword (weapon)
 b - a +0,+0 sling
 e - a +0,+0 dwarven dagger (quivered)
 f - a +0,+0 club
Missiles
 h - 13 sling bullets
 j - 4 stones
 o - 16 poisoned needles
Armour
 g - a +0 animal skin (worn)
 v - a +0 elven wizard hat (worn)
Comestibles
 c - a bread ration
 l - a choko
 r - a meat ration
Scrolls
 k - a scroll of amnesia {unknown}
 n - a scroll of fear {unknown}
 q - a scroll of curse armour {unknown}
 w - 6 scrolls of identify {unknown}
 x - a scroll of enchant weapon II {unknown}
 y - a scroll of remove curse {unknown}
Jewellery
 m - a ring of ice (left claw)
 p - an amulet of inaccuracy (around neck) {unknown}
Potions
 d - 2 potions of curing {unknown}
 i - a potion of restore abilities {unknown}
 s - a potion of degeneration {unknown}
 t - a potion of agility {unknown}
 u - 2 potions of heal wounds {unknown}
 A - a potion of might {unknown}


   Skills:
 - Level 3.0 Fighting
 + Level 4.1 Short Blades
 - Level 1.7 Armour
 - Level 1.7 Dodging


You had 2 spell levels left.
You didn't know any spells.

Dungeon Overview and Level Annotations

Branches:
Dungeon (2/27)

Altars:

Annotations
D:2 Sigmund


Innate Abilities, Weirdness & Mutations

You have sharp fingernails.
You have a pair of small horns on your head.


Message History

The jackal misses you. It hits you.
You closely miss the jackal. You headbutt the jackal.
The jackal is almost dead.
The jackal bites you but does no damage.
A jackal comes into view.
You hit the jackal.
You kill the jackal!
Trog accepts your kill. It hits you!
Ouch! That really hurt!
* * * LOW HITPOINT WARNING * * *
You are too injured to fight recklessly!
You are too injured to fight recklessly!
You are too injured to fight recklessly!
Unknown command.
Sigmund appears from thin air!
Reactivating autopickup.
Sigmund gestures at you while chanting. The magic dart hits you!
You die...

#### ...## .... . #..# ##.##
#..####+## ....#########..#.....#
.#..#..........#.....#
....#.#######.##.....# ....#.#
#####...@.#+####### .<..#.#
#....####.#.......# ....#.#
#....# #.#######.####### ....#.#
#....# #@#..............
♣...#.###....####.#.#.###.######.
♣♣.........h...%...........<..##.
.♣#.#.#################.....#.##.
.♣#.#.#.. .......>..%.#.##.
♣...#.#.###############.#.###.##.


You could see Sigmund.

Vanquished Creatures
  An adder (D:2)
  A worm (D:2)
  A giant gecko (D:2)
  2 oozes (D:1)
  4 bats (D:1)
  A giant cockroach (D:2)
  2 hobgoblins
  6 jackals (D:2)
  2 kobolds
  3 giant newts
  4 goblins
  4 rats
31 creatures vanquished.

Notes
Turn   | Place    | Note
--------------------------------------------------------------
     0 | D:1      | Rycklaryybbe, the Demonspawn Berserker, began the quest for the Orb.
     0 | D:1      | Reached XP level 1. HP: 18/18 MP: 0/0
   370 | D:1      | Gained mutation: You have a pair of small horns on your head. [demonic ancestry]
   370 | D:1      | Reached XP level 2. HP: 21/24 MP: 1/1
  1175 | D:2      | Gained mutation: You have sharp fingernails. [demonic ancestry]
  1175 | D:2      | Reached XP level 3. HP: 26/30 MP: 2/2
  1516 | D:2      | Reached skill level 4 in Short Blades
  1748 | D:2      | Noticed Sigmund
  1792 | D:2      | Killed from afar by Sigmund

Action                   || total
-------------------------++-------
Melee: Short sword       ||    95
 Fire: Sling             ||    98
Throw: Dagger            ||     2
       Club              ||     1
Invok: Berserk           ||     1
